 Dungeon Crawl Stone Soup version 0.23.2-1-ga50397a (webtiles) character file.

Game seed: 6820915914398273920

31 vlazyslath the Grave Robber (level 3, -6/24 HPs)
             Began as a Vampire Necromancer on May 20, 2019.
             Mangled by a worker ant (8 damage)
             ... on level 4 of the Dungeon.
             The game lasted 00:09:19 (1563 turns).

vlazyslath the Grave Robber (Vampire Necromancer)   Turns: 1563, Time: 00:09:19

Health: -6/24      AC:  0    Str:  7    XL:     3   Next: 7%
Magic:  6/6        EV: 20    Int: 18    God:
Gold:   36         SH:  0    Dex: 19    Spells: 5/6 levels left

rFire    . . .     SeeInvis +   (weapon currently unavailable)
rCold    . . .     Gourm    .   (shield currently unavailable)
rNeg     + . .     Faith    .   (armour currently unavailable)
rPois    .         Spirit   .   (helmet currently unavailable)
rElec    .         Reflect  .   (cloak currently unavailable)
rCorr    .         Harm     .   (gloves currently unavailable)
MR       .....                  (boots currently unavailable)
Stlth    +++++.....             (no amulet)
HPRegen  0.08/turn              (ring currently unavailable)
MPRegen  0.10/turn              (ring currently unavailable)

@: bat-form, flying, very quick
A: tiny, fangs 3, see invisible
a: End Transformation


You were on level 4 of the Dungeon.
You were not thirsty.
You were in vampire-bat-form.
You visited 2 branches of the dungeon, and saw 5 of its levels.

You collected 36 gold pieces.

Inventory:

Hand Weapons
 f - a +0 dagger (melded)
Armour
 a - a +0 robe (melded)
Scrolls
 d - a scroll of immolation {unknown}
 e - a scroll of identify {unknown}
 g - a scroll of random uselessness {unknown}
Potions
 b - a potion of magic {unknown}
 c - 10 potions of blood


   Skills:
 - Level 2.1 Dodging
 - Level 3.0 Stealth
 + Level 2.4 Spellcasting
 * Level 5.2 Necromancy


You had 5 spell levels left.
You knew the following spells:

 Your Spells              Type           Power        Failure   Level  Hunger
a - Pain                  Necr           ###.         1%          1    #......

Your spell library contained the following spells:

 Spells                   Type           Power        Failure   Level  Hunger
 Animate Skeleton         Necr           N/A          1%          1    #......
 Vampiric Draining        Necr           ###.......   6%          3    ###....
 Regeneration             Chrm/Necr      ##........   19%         3    ###....
 Animate Dead             Necr           N/A          21%         4    #####..


Dungeon Overview and Level Annotations

Branches:
Dungeon (4/15)             Temple (1/1) D:4

Altars:
Ashenzari
Cheibriados
Dithmenos
Gozag
Hepliaklqana
Makhleb
Okawaru
Qazlal
Ru
Sif Muna
Trog
Uskayaw
Wu Jian
Xom
Zin
The Shining One

Annotations:
D:1 1 runed translucent door
D:4 Eustachio


Innate Abilities, Weirdness & Mutations

You have razor-sharp teeth.
You have supernaturally acute eyesight. (SInv)
((You can survive without breathing.))


Message History

The hound skeleton closely misses you. The hound skeleton misses you.
An orc wizard comes into view. It is wielding a +0 dagger.
The orc wizard moves out of view.
The gnoll shouts!
The worker ant twitches its antennae in your direction.
The gnoll shouts! x2; The orc wizard shouts!
The orc shouts!
The gnoll hits you from afar with a +0 spear!
The orc shouts!
Found a ration.
You see here 23 sling bullets.
The gnoll barely misses you.
The adder hisses angrily.
The orc wizard casts a spell.
The orc wizard seems to speed up.
The gnoll hits you from afar with a +0 spear!
* * * LOW HITPOINT WARNING * * *
The gnoll closely misses you. The worker ant bites you!
You die...

#.....>.r......
................
......$.........
###.S.............
#....................
#............o......%
#...........[..o..... #.
#........<..o......# #.#
#.........b.g.....#
#..##..>.....a...g.)##
#..#......r8>8..g..# ##
#.....$........(..# #.
###.........g...Z.# #.
##.g....(........## #.
#.....##.........a###### #.
##.....##..........Z....## ##
#####.h..#.####.#.####$...#..#
#.


You could see 2 worker ants, an orc wizard, 4 gnolls, an adder, 2 orcs, a quokka
and 2 hound skeletons.

Vanquished Creatures
  A worm (D:2)
  A dart slug (D:1)
  A ball python (D:1)
  A giant cockroach (D:1)
  5 goblins
  7 hobgoblins
  5 frilled lizards
  3 rats (D:1)
24 creatures vanquished.

Notes
Turn   | Place    | Note
-------+----------+-------------------------------------------
     0 | D:1      | vlazyslath the Vampire Necromancer began the quest for the
                  | Orb.
     0 | D:1      | Reached XP level 1. HP: 13/13 MP: 3/3
     1 | D:1      | Found a runed translucent door.
     1 | D:1      | Noticed a jelly
   218 | D:1      | Reached XP level 2. HP: 5/19 MP: 0/5
   525 | D:1      | Reached skill level 5 in Necromancy
   855 | D:2      | Reached XP level 3. HP: 12/24 MP: 0/6
   959 | D:3      | Found a stormy altar of Qazlal.
   961 | D:3      | Noticed a fire elemental
   961 | D:3      | Noticed an air elemental
   962 | D:3      | Noticed an earth elemental
   962 | D:3      | Noticed a water elemental
  1139 | D:4      | Found a staircase to the Ecumenical Temple.
  1144 | Temple   | Entered the Ecumenical Temple
  1490 | D:4      | Noticed Eustachio
  1520 | D:4      | Found a shimmering altar of Xom.
  1563 | D:4      | Mangled by a worker ant

Skill      XL: |  1  2 |
---------------+-------+-----
Necromancy     | 5 |  5.2
Dodging        | |  2.1
Stealth        | |  3.0
Spellcasting   | |  2.4

Action                   || total
-------------------------++-------
Melee: Dagger            ||    12
       Bite              ||     2
       Unarmed           ||     1
 Cast: Pain              ||    46
 Abil: Bat Form          ||     1
  Use: Potion            ||     3
 Stab: Sleeping          ||     1
Armor: Robe              ||     1
Dodge: Dodged            ||    32
